 Dungeon Crawl Stone Soup version 0.30-a0-297-g0ec75d9ef4 (webtiles) character file.

Game seed: 17348679381000498399

571 purpskrrrp the Shield-Bearer (level 7, -2/55 HPs)
             Began as a Formicid Fighter on Oct 19, 2022.
             Was an Initiate of Gozag.
             Slain by a gnoll sergeant
             ... wielding a +2 spear of venom
              (4 damage)
             ... on level 5 of the Dungeon.
             The game lasted 00:08:43 (3684 turns).

purpskrrrp the Shield-Bearer (Formicid Fighter)     Turns: 3684, Time: 00:08:44

Health: -2/55      AC: 10    Str: 22    XL:     7   Next: 60%
Magic:  7/7        EV: 13    Int:  8    God:    Gozag
Gold:   170        SH:  6    Dex: 19    Spells: 6/6 levels left

rFire   . . .      SeeInvis +    d - +2 rapier (speed)
rCold   . . .      Faith    .    c - +0 buckler
rNeg    . . .      Spirit   .    i - +1 chain mail
rPois   .          Reflect  .    (helmet unavailable)
rElec   .          Harm     .    (no cloak)
rCorr   .          Rampage  .    (no gloves)
Will    .....                    (no boots)
Stlth   ..........               (no amulet)
HPRegen 0.29/turn                l - +4 ring of evasion
MPRegen 0.10/turn                o - +6 ring of dexterity

@: lethally poisoned (-2 -> -10), very slow
A: permanent stasis, dig shafts and tunnels, antennae 3, four strong arms
a: Dig, Shaft Self, Renounce Religion, Potion Petition, Call Merchant, Bribe
Branch


You were on level 5 of the Dungeon.
You worshipped Gozag.
Gozag was aware of your devotion.
You visited 2 branches of the dungeon, and saw 6 of its levels.

You collected 308 gold pieces.
You spent 84 gold pieces at shops.
You paid 54 gold pieces to Gozag.

Inventory:

Hand Weapons
 a - a +0 quarterstaff
 d - a +2 rapier of speed (weapon)
Missiles
 h - 2 boomerangs
Armour
 b - a +0 scale mail
 c - a +0 buckler (worn)
 i - a +1 chain mail (worn)
Jewellery
 l - a +4 ring of evasion (left hand)
 o - a +6 ring of dexterity (right hand)
 p - a ring of flight
Wands
 n - a wand of paralysis (2)
Scrolls
 j - 2 scrolls of fear
 r - a scroll of identify
Potions
 e - 3 potions of haste
 f - a potion of berserk rage
 g - a potion of curing
 k - 3 potions of brilliance
 m - 2 potions of lignification {unknown}
 q - a potion of cancellation {unknown}
 t - a potion of ambrosia {unknown}


   Skills:
 + Level 4.7 Fighting
 * Level 1.0 Short Blades
 - Level 4.7 Staves
 + Level 4.6 Armour
 + Level 2.4 Dodging
 + Level 5.7 Shields


You had 6 spell levels left.
You didn't know any spells.
Your spell library contained the following spells:

 Spells                   Type           Power      Damage    Failure   Level
 Sting                    Tmut/Pois      0%         1d3       99%         1
 Ensorcelled Hibernation  Hex/Ice        0%         N/A       100%        2
 Passwall                 Tmut/Erth      0%         N/A       100%        2
 Poisonous Vapours        Pois/Air       0%         N/A       100%        2
 Frozen Ramparts          Ice            0%         1d1       100%        3
 Gell's Gravitas          Tloc           0%         N/A       100%        3
 Hailstorm                Conj/Ice       0%         3d3       100%        3
 Lesser Beckoning         Tloc           0%         N/A       100%        3
 Teleport Other           Tloc           0%         N/A       100%        3
 Ice Form                 Ice/Tmut       0%         N/A       100%        4
 Olgreb's Toxic Radiance  Pois           0%         N/A       100%        4
 Summon Ice Beast         Ice/Summ       0%         N/A       100%        4
 Swiftness                Air            Unusable   N/A       N/A         3
 Simulacrum               Ice/Necr       Unusable   N/A       N/A         6

Dungeon Overview and Level Annotations

Branches:
Dungeon (5/15)             Temple (1/1) D:4

Altars:
Ashenzari
Cheibriados
Fedhas
Gozag
Kikubaaqudgha
Makhleb
Okawaru
Qazlal
Ru
Sif Muna
Uskayaw
Vehumet
Wu Jian
Xom
Yredelemnul
The Shining One

Shops:
D:4 *


Innate Abilities, Weirdness & Mutations

You cannot be hasted, slowed, berserked, paralysed or teleported.
You can dig through walls and to a lower floor.
You have a pair of large antennae on your head. (SInv)
Your four strong arms can wield two-handed weapons with a shield.


Message History

You are too injured to fight recklessly!
You are too injured to fight recklessly!
You are too injured to fight recklessly!
You are too injured to fight recklessly!
You are too injured to fight recklessly!
You are too injured to fight recklessly!
You are too injured to fight recklessly!
You are too injured to fight recklessly!
You are too injured to fight recklessly!
You are too injured to fight recklessly!
You are too injured to fight recklessly!
You barely miss the gnoll sergeant.
The gnoll sergeant is lightly wounded.
You feel very sick. You block the gnoll sergeant's attack.
You hit the gnoll sergeant.
The gnoll sergeant is lightly wounded.
* * * LOW HITPOINT WARNING * * *
You feel very sick.
The gnoll sergeant hits you but does no damage.
You are more poisoned.
You hit the gnoll sergeant but do no damage.
The gnoll sergeant is lightly wounded.
* * * LOW HITPOINT WARNING * * *
You feel very sick. The gnoll sergeant barely misses you.
You puncture the gnoll sergeant!
The gnoll sergeant is heavily wounded.
* * * LOW HITPOINT WARNING * * *
You feel very sick.
Your unstable footing causes you to fumble your attack.
* * * LOW HITPOINT WARNING * * *
You feel very sick.
The gnoll sergeant attacks as you move away!
The gnoll sergeant misses you.
* * * LOW HITPOINT WARNING * * *
You feel very sick.
The gnoll sergeant hits you from afar with a +2 spear of venom.
You die...
Your body crumbles into a pile of gold.

#.......................#
.......
#.......#####.#####.....#
#.<.....#⌠~~###~~⌠#.....#
#.......#~~~~~~~~~#.#####
#.......#~~~###~~~#....#
#######.##~##.##~##..#.#
#..#~~._.#g'...#.#
#.##~##.##g##..#.#
#.#~~~###~@~#..#..
#.#~~~~~~~~~#.####
#.#⌠~~###~~⌠#.#
#.#####.#####.#
#.............#
###############


You could see a gnoll sergeant and a gnoll.

Vanquished Creatures
  Grinder (D:5)
  A gnoll bouda (D:5)
  A hound (D:4)
  A jelly (D:4)
  2 orc wizards (D:5)
  6 adders
  8 gnolls (D:5)
  A white imp (D:5)
  2 ufetubi (D:4)
  4 worms
  2 dart slugs
  7 orcs
  7 ball pythons
  3 bats
  5 endoplasms
  2 giant cockroaches
  4 goblins
  5 hobgoblins
  2 jackals (D:3)
  5 kobolds
  3 quokkas
  6 frilled lizards
  2 rats
80 creatures vanquished.

Vanquished Creatures (others)
  A plant (D:4)
1 creature vanquished.

Grand Total: 81 creatures vanquished

Notes
Turn   | Place    | Note
-------+----------+-------------------------------------------
     0 | D:1      | purpskrrrp the Formicid Fighter began the quest for the
                  | Orb.
     0 | D:1      | Reached XP level 1. HP: 18/18 MP: 1/1
   173 | D:1      | Reached XP level 2. HP: 24/24 MP: 2/2
   575 | D:2      | Reached XP level 3. HP: 29/29 MP: 3/3
   975 | D:2      | Reached XP level 4. HP: 32/37 MP: 4/4
  1035 | D:3      | Reached skill level 1 in Dodging
  1636 | D:4      | Found Ekoshr Ocit's Assorted Antiques.
  1696 | D:4      | Bought a scroll labelled QYC EXITHYAHE for 21 gold pieces
  1696 | D:4      | Bought a scroll labelled ORAOGR KUILUSOAM for 21 gold
                  | pieces
  1696 | D:4      | Bought a scroll labelled ENENAW QEGE for 21 gold pieces
  1696 | D:4      | Bought a scroll labelled ULOTYE TIAHE for 21 gold pieces
  1824 | D:4      | Found a staircase to the Ecumenical Temple.
  1896 | D:4      | Reached XP level 5. HP: 42/42 MP: 5/5
  2234 | D:4      | Reached XP level 6. HP: 35/48 MP: 6/6
  2368 | D:4      | Reached skill level 5 in Shields
  2643 | Temple   | Entered the Ecumenical Temple
  2681 | Temple   | Became a worshipper of Gozag Ym Sagoz the Greedy
  2711 | D:5      | Entered Level 5 of the Dungeon
  2880 | D:5      | Noticed Grinder
  2907 | D:5      | Killed Grinder
  2908 | D:5      | Reached XP level 7. HP: 18/55 MP: 7/7
  3217 | D:5      | Reached skill level 1 in Short Blades
  3228 | D:5      | HP: 2/55 [poisoned by a gnoll sergeant]
  3592 | D:5      | Found a snail-covered altar of Cheibriados.
  3684 | D:5      | HP: 2/55 [poisoned by a gnoll sergeant]
  3684 | D:5      | Slain by a gnoll sergeant

Illustrated notes

Levels and vault maps discovered:
D:1:      minmay_arrival_doors, layout_rooms
D:2:      layout_rooms
D:3:      layout_rooms, kennysheep_generic_room_5
D:4:      layout_basic, minmay_temple_entry_offerings, serial_shops,
          nicolae_shop_overgrown_old_shop, minmay_misc_feat_room,
          kennysheep_nondescript
D:5:      layout_basic, cheibrodos_worm_habitat, kennysheep_generic_room_3,
          uniq_grinder
Temple:   hellmonk_temple_two_chambers

Skill      XL: |  1  2  3  4  5  6  7 |
---------------+----------------------+-----
Dodging        | 1 2 |  2.4
Staves         | 3 4 |  4.7
Fighting       | 4 |  4.7
Armour         | 4 |  4.6
Shields        | 5 |  5.7
Short Blades   | 1 |  1.0

Action                   |  1- 3 |  4- 6 |  7- 9 || total
-------------------------+-------+-------+-------++-------
Melee: Quarterstaff      |    70 |   131 |       ||   201
       Rapier            |       |       |    78 ||    78
  Use: Scroll            |       |    12 |     2 ||    14
       Potion            |       |     2 |     1 ||     3
Armor: Scale mail        |     8 |       |       ||     8
       Chain mail        |    25 |    46 |    25 ||    96
Dodge: Dodged            |    22 |    90 |    29 ||   141
Block: Buckler           |     9 |    49 |    14 ||    72

Table legend: (Time is in decaauts)
 A = Elapsed time spent in this place.
 B = Non-inter-level travel time spent in this place.
 C = Inter-level travel time spent in this place.
 D = Time resting spent in this place.
 E = Time spent auto-exploring this place.
 F = Levels seen in this place.
 G = Mean time per level.
                   A        B        C        D        E       F      G
               +--------+--------+--------+--------+--------+-----+--------+
         Total |   3716 |   3501 |    215 |    502 |   2241 |   6 |  619.3 |
       Dungeon |   3671 |   3461 |    210 |    502 |   2241 |   5 |  734.2 |
        Temple |     44 |     39 |      5 |      0 |      0 |   1 |   44.0 |
               +--------+--------+--------+--------+--------+-----+--------+

Top non-repeatable levels by time:
     D:4: 1407 daAuts
     D:5: 670 daAuts
     D:3: 556 daAuts
     D:2: 550 daAuts
     D:1: 486 daAuts
  Temple: 44 daAuts
